 Dungeon Crawl Stone Soup version 0.28-a0-1624-g820543e53a (webtiles) character file.

Game seed: 16880070745465462042

366 croobank the Sneak (level 6, -4/36 HPs)
             Began as an Octopode Ice Elementalist on Jan 24, 2022.
             Slain by an ogre (20 damage)
             ... on level 4 of the Dungeon.
             The game lasted 00:20:06 (4483 turns).

croobank the Sneak (Octopode Ice Elementalist)      Turns: 4483, Time: 00:20:06

Health: -4/36      AC:  7    Str:  7    XL:     6   Next: 68%
Magic:  3/11       EV: 18    Int: 20    God:
Gold:   208        SH:  0    Dex: 12    Spells: 1/11 levels left

rFire   . . .      SeeInvis .   p - +1 dagger (venom)
rCold   . . .      Faith    .   (no shield)
rNeg    . . .      Spirit   .   (helmet restricted)
rPois   .          Reflect  .   (no amulet)
rElec   .          Harm     .   e - ring of willpower
rCorr   .          Rampage  .   n - +4 ring of evasion
Will    +....                   (no ring)
Stlth   ++++......              (no ring)
HPRegen 0.12/turn               (no ring)
MPRegen 0.12/turn               (no ring)
                                (no ring)
                                (no ring)

@: ice-armoured
A: almost no armour, amphibious, 8 rings, camouflage 1, gelatinous body 1,
(nimble swimmer 1), tentacles
a: no special abilities


You were on level 4 of the Dungeon.
You visited 1 branch of the dungeon, and saw 4 of its levels.

You collected 208 gold pieces.

Inventory:

Hand Weapons
 a - a +1 dagger of speed
 b - a +2 hunting sling of flaming
 h - a +0 whip
 j - a +0 great mace
 o - a +0 war axe
 p - a +1 dagger of venom (weapon)
Missiles
 c - 51 arrows
 d - 74 bolts
 f - 233 stones
 i - 9 poisoned darts (quivered)
Jewellery
 e - a ring of willpower (left tentacle)
 n - a +4 ring of evasion (right tentacle)
Scrolls
 l - a scroll of enchant armour {unknown}
 m - 2 scrolls of silence
 q - 3 scrolls of teleportation {unknown}
Potions
 g - a potion of curing {unknown}
 k - a potion of resistance {unknown}


   Skills:
 + Level 3.7 Dodging
 + Level 5.2 Stealth
 + Level 3.4 Spellcasting
 + Level 1.2 Summonings
 + Level 5.1 Ice Magic


You had one spell level left.
You knew the following spells:

 Your Spells              Type           Power      Damage    Failure   Level
a - Freeze                Ice            92%        1d10      1%          1
b - Frozen Ramparts       Ice            46%        1d6       4%          3
c - Ozocubu's Armour      Ice            23%        N/A       4%          3
d - Call Canine Familiar  Summ           8%         N/A       24%         3

Your spell library contained the following spells:

 Spells                   Type           Power      Damage    Failure   Level
 Portal Projectile        Hex/Tloc       6%         N/A       38%         3
 Hailstorm                Conj/Ice       13%        3d5       43%         4
 Leda's Liquefaction      Hex/Erth       1%         N/A       80%         4


Dungeon Overview and Level Annotations

Branches:
Dungeon (4/15)
 Temple: D:4-7

Altars:
Zin


Innate Abilities, Weirdness & Mutations

You cannot wear most types of armour.
You are amphibious.
You can wear up to eight rings at the same time.
Your skin changes colour to match your surroundings (Stealth+).
Your rubbery body absorbs attacks. (AC +1, EV +1)
((You are camouflaged when in or above water. (Stealth+)))
You have tentacles for arms and can constrict up to eight enemies at once.


Message History

i - 9 poisoned darts (gained 3)
An ogre comes into view. It is wielding a +0 giant club.
Casting: Call Canine Familiar (quite dangerous; 24% risk of failure)
Confirm with . or Enter, or press ? or * to list all spells.
The spell is quite dangerous to miscast (24% risk of failure)!
Continue anyway?
You miscast Call Canine Familiar.
You are very lightly contaminated with residual magic.
Nothing appears to happen.
Casting: Call Canine Familiar (quite dangerous; 24% risk of failure)
Confirm with . or Enter, or press ? or * to list all spells.
The spell is quite dangerous to miscast (24% risk of failure)!
Continue anyway?
The ogre shouts!
You swap places.
You swap places.
The ogre barely misses your hound. The ogre misses your hound.
The ogre barely misses your hound.
Your magical contamination has completely faded away.
The ogre closely misses your hound. The ogre misses your hound.
The ogre hits your hound with a +0 giant club!!
Your hound dies!
Your hound's corpse disappears in a puff of smoke!
Casting: Call Canine Familiar (quite dangerous; 24% risk of failure)
Confirm with . or Enter, or press ? or * to list all spells.
Aiming: Freeze (safe; 1% risk of failure)
Press: ? - help, Shift-Dir - straight line, f - ogre
Aim: an ogre, wielding a +0 giant club You freeze the ogre.
The ogre is lightly wounded.
The ogre misses you.
Casting: Freeze (safe; 1% risk of failure)
Confirm with . or Enter, or press ? or * to list all spells.
A film of ice covers your body!
The ogre hits you with a +0 giant club!!
Ouch! That really hurt!
You hit the ogre.
The ogre is poisoned.
The ogre is lightly wounded.
The ogre hits you with a +0 giant club!!
Ouch! That really hurt!
You die...

#.##.###.#
#.##.###.#
#........#
####.#####
#.# #.#
#####.#######
#...........#
#.###@#.###.#
#O#.# #.(..#
........#
#.......###
.......#.#
###........
#.......##
#####+###


You could see an ogre (very poisoned).

Vanquished Creatures
  A phantom (D:4)
  A jelly (D:3)
  Jessica (D:2)
  2 gnolls (D:3)
  8 adders
  2 worms (D:2)
  3 dart slugs
  7 orcs (D:3)
  10 ball pythons
  8 endoplasms
  3 giant cockroaches
  7 goblins
  8 hobgoblins
  3 jackals (D:3)
  2 quokkas
  7 bats
  7 frilled lizards
  9 kobolds
  3 rats
92 creatures vanquished.

Vanquished Creatures (collateral kills)
  A howler monkey (D:4)
1 creature vanquished.

Grand Total: 93 creatures vanquished

Notes
Turn   | Place    | Note
-------+----------+-------------------------------------------
     0 | D:1      | croobank the Octopode Ice Elementalist began the quest for
                  | the Orb.
     0 | D:1      | Reached XP level 1. HP: 11/11 MP: 3/3
   391 | D:1      | Reached XP level 2. HP: 8/17 MP: 5/5
  1118 | D:2      | Reached XP level 3. HP: 10/21 MP: 4/6
  1757 | D:2      | Reached XP level 4. HP: 26/27 MP: 7/7
  1771 | D:2      | Learned a level 3 spell: Frozen Ramparts
  1775 | D:2      | Learned a level 3 spell: Ozocubu's Armour
  1913 | D:2      | Noticed Jessica
  1919 | D:2      | Killed Jessica
  2006 | D:2      | You fall into a shaft and drop 2 floors!
  2006 | D:4      | Noticed a phantom
  2020 | D:4      | Killed a phantom
  2021 | D:4      | Reached XP level 5. HP: 14/31 MP: 3/9
  2658 | D:2      | Learned a level 3 spell: Call Canine Familiar
  3089 | D:3      | Reached XP level 6. HP: 19/36 MP: 2/10
  3233 | D:3      | Found a glowing silver altar of Zin.
  3657 | D:3      | Found a faded altar of an unknown god.
  3739 | D:3      | Reached skill level 5 in Stealth
  3749 | D:3      | Reached skill level 5 in Ice Magic
  3765 | D:3      | Reached skill level 1 in Summonings
  4483 | D:4      | Slain by an ogre

Illustrated notes

Levels and vault maps discovered:
D:1:      ebering_trefoil_twist, layout_rooms
D:2:      layout_rooms, wander_ebering_terrifying_dragon_lair, uniq_jessica
D:3:      minmay_bubble_buster, layout_loops_ring,
          mainiacjoe_overflow_tiny_flanked, chequers_ecumenical_altar_grove
D:4:      minmay_recursive_quarters, layout_loops_corners, uniq_robin

Skill      XL: |  1  2  3  4  5  6 |
---------------+-------------------+-----
Stealth        | 3 4 5 |  5.2
Dodging        | 3 |  3.7
Spellcasting   | 3 |  3.4
Ice Magic      | 5 |  5.1
Summonings     | 1 |  1.2

Action                   |  1- 3 |  4- 6 || total
-------------------------+-------+-------++-------
Melee: Unarmed           |    13 |       ||    13
       Constrict         |    15 |    23 ||    38
       Tentacles         |    14 |    41 ||    55
       Whip              |    41 |     9 ||    50
       Dagger            |       |   111 ||   111
Throw: Dart              |     3 |     1 ||     4
 Cast: Freeze            |    16 |    18 ||    34
       Ozocubu's Armour  |       |     2 ||     2
       Frozen Ramparts   |       |     2 ||     2
       Call Canine Famil |       |     2 ||     2
  Use: Scroll            |     3 |     3 ||     6
       Potion            |     1 |     2 ||     3
 Stab: Sleeping          |     7 |    13 ||    20
       Distracted        |       |     1 ||     1
Armor: Skin              |    15 |     6 ||    21
Dodge: Dodged            |    37 |    65 ||   102

Table legend: (Time is in decaauts)
 A = Elapsed time spent in this place.
 B = Non-inter-level travel time spent in this place.
 C = Inter-level travel time spent in this place.
 D = Time resting spent in this place.
 E = Time spent auto-exploring this place.
 F = Levels seen in this place.
 G = Mean time per level.
                   A        B        C        D        E       F      G
               +--------+--------+--------+--------+--------+-----+--------+
         Total |   4451 |   4408 |     43 |   1613 |   1941 |   4 | 1112.8 |
       Dungeon |   4451 |   4408 |     43 |   1613 |   1941 |   4 | 1112.8 |
               +--------+--------+--------+--------+--------+-----+--------+

Top non-repeatable levels by time:
     D:3: 1579 daAuts
     D:2: 1442 daAuts
     D:1: 1061 daAuts
     D:4: 369 daAuts
